 Dungeon Crawl Stone Soup version 0.24.0-123-gd5b16e6ec5 (webtiles) character file.

Game seed: 5995421516816993658, levelgen mode: deterministic

79 ReteAZ the Ruffian (level 4, 0/41 HPs)
             Began as a Troll Arcane Marksman on Dec 30, 2019.
             Slain by Sigmund
             ... wielding a +2 scythe of slicing
              (2 damage)
             ... on level 2 of the Dungeon.
             The game lasted 00:02:09 (986 turns).

ReteAZ the Ruffian (Troll Arcane Marksman)           Turns: 986, Time: 00:02:10

Health: 0/41       AC:  6    Str: 18    XL:     4   Next: 17%
Magic:  4/4        EV:  7    Int:  9    God:
Gold:   66         SH:  7    Dex: 11    Spells: 4/5 levels left

rFire    . . .     SeeInvis .     - Unarmed
rCold    . . .     Gourm    +   n - +0 shield
rNeg     . . .     Faith    .   h - +0 robe (curse)
rPois    .         Spirit   .   (helmet restricted)
rElec    .         Reflect  .   (no cloak)
rCorr    .         Harm     .   (gloves unavailable)
MR       .....                  (boots unavailable)
Stlth    +.........             (no amulet)
HPRegen  0.53/turn              (no ring)
MPRegen  0.09/turn              (no ring)

@: no status effects
A: large, unfitting armour, claws 3, fast metabolism 3, gourmand, regeneration
1, shaggy fur 1, tough skin 3
a: no special abilities


You were on level 2 of the Dungeon.
You were completely stuffed.

You visited 1 branch of the dungeon, and saw 2 of its levels.

You collected 66 gold pieces.

Inventory:

Missiles
 c - 4 large rocks (quivered)
 d - 2 throwing nets
 e - 65 stones
Armour
 a - a +0 robe
 h - a cursed +0 robe (worn)
 n - a +0 shield (worn)
Jewellery
 g - an uncursed ring of poison resistance {unknown}
 j - an uncursed ring of flight {unknown}
Wands
 l - a wand of disintegration (5)
Scrolls
 b - 2 scrolls of remove curse {unknown}
 i - a scroll of immolation {unknown}
 k - a scroll of enchant armour {unknown}
 m - 2 scrolls of random uselessness {unknown}
Potions
 p - a potion of brilliance {unknown}
Comestibles
 f - 3 rations
 o - 11 chunks of flesh


   Skills:
 + Level 1.6 Fighting
 - Level 1.7 Throwing
 + Level 1.3 Armour
 - Level 1.5 Dodging
 + Level 0.1 Shields
 * Level 2.6 Unarmed Combat
 - Level 1.0 Spellcasting
 - Level 2.0 Hexes


You had 4 spell levels left.
You knew the following spells:

 Your Spells              Type           Power        Failure   Level  Hunger
a - Corona                Hex            #......      73%         1    ##.....

Your spell library contained the following spells:

 Spells                   Type           Power        Failure   Level  Hunger
 Slow                     Hex            #.......     86%         2    ###....
 Inner Flame              Hex/Fire       #.......     99%         3    ####...
 Portal Projectile        Hex/Tloc       #.....       99%         3    ####...
 Cause Fear               Hex            #.........   100%        4    #####..
 Leda's Liquefaction      Hex/Erth       #.........   100%        4    #####..


Dungeon Overview and Level Annotations

Branches:
Dungeon (2/15)

Altars:

Annotations:
D:2 Sigmund


Innate Abilities, Weirdness & Mutations

You are too large for most types of armour.
You have claws for hands.
Your metabolism is lightning-fast.
You like to eat raw meat.
Your natural rate of healing is unusually fast.
You are covered in fur. (AC +1)
You have extremely tough skin. (AC +3)


Message History

You scratch the giant cockroach.
You kill the giant cockroach!
You hear some strange, mumbled words.
Something tries to affect you, but you resist.
You block something's attack.
You see here a giant cockroach corpse.
You completely miss something. Something hits you!
You miss something. Something hits you but does no damage.
You scratch something but do no damage. You barely miss something.
Something hits you.
You miss something.
You hear some strange, mumbled words.
A magic dart appears from out of thin air!
The magic dart hits you.
You closely miss something. Something hits you!
You claw something! You claw something! Something hits you.
You miss something. Something hits you!
* * * LOW HITPOINT WARNING * * *
You die...

....# ......#####.# .#
#...# ..##. #.##.# #...#
..... #....# #..... .##.
#.##.# #......
....#####.# .# ##<###.
#.......# {. ###.#.### ##
##.# #.#{# ...# #.#@#
#### ##.#†# #. ###....##
#.......#...#
##.#####.....#
####...#####.#..#
#.............).#######
#.##...####.....).....#
###.###...>....##.#####)#


There were no monsters in sight!

Vanquished Creatures
  2 adders (D:2)
  A worm (D:2)
  A dart slug (D:2)
  2 leopard geckos (D:1)
  5 bats
  3 giant cockroaches
  7 goblins
  8 hobgoblins
  3 jackals (D:2)
  5 kobolds
  A quokka (D:2)
  A ball python (D:1)
  3 frilled lizards (D:2)
  6 rats
48 creatures vanquished.

Notes
Turn   | Place    | Note
-------+----------+-------------------------------------------
     0 | D:1      | ReteAZ the Troll Arcane Marksman began the quest for the
                  | Orb.
     0 | D:1      | Reached XP level 1. HP: 18/18 MP: 1/1
    85 | D:1      | Reached skill level 1 in Fighting
    90 | D:1      | Reached skill level 1 in Unarmed Combat
    99 | D:1      | Reached XP level 2. HP: 27/27 MP: 2/2
   652 | D:2      | Reached XP level 3. HP: 33/33 MP: 3/3
   703 | D:2      | Reached skill level 1 in Armour
   895 | D:2      | Reached XP level 4. HP: 36/41 MP: 4/4
   963 | D:2      | Noticed Sigmund
   986 | D:2      | HP: 2/41 [something (12)]
   986 | D:2      | Slain by Sigmund

Levels and vault maps discovered:
D:1:      ebering_hopf_link, layout_basic
D:2:      layout_loops_ring, first_ration, uniq_sigmund

Skill      XL: |  1  2  3 |
---------------+----------+-----
Fighting       | 1 |  1.6
Unarmed Combat | 1 2 |  2.6
Armour         | 1 |  1.3
Throwing       | |  1.7
Dodging        | |  1.5
Shields        | |  0.1
Spellcasting   | |  1.0
Hexes          | |  2.0

Action                   |  1- 3 |  4- 6 || total
-------------------------+-------+-------++-------
Melee: Unarmed           |   121 |    32 ||   153
       Punch             |     3 |       ||     3
Evoke: Wand              |     1 |       ||     1
 Stab: Sleeping          |     2 |       ||     2
  Eat: Chunk             |    14 |     1 ||    15
Armor: Robe              |    60 |     6 ||    66
Dodge: Dodged            |    74 |     5 ||    79
Block: Shield            |     6 |    10 ||    16
